 Dungeon Crawl Stone Soup version 0.14-a0-1876-g927fc3a (webtiles) character file.

653 Jenx the Conjurer (level 6, -5/32 HPs)
             Began as a Deep Elf Conjurer on Jan 14, 2014.
             Was an Initiate of Vehumet.
             Slain by a gnoll
             ... wielding a +0,+0 halberd
              (11 damage)
             ... on Level 5 of the Dungeon.
             The game lasted 00:13:15 (5052 turns).

Jenx the Conjurer (Deep Elf Conjurer)               Turns: 5052, Time: 00:13:16

HP  -5/32        AC  9     Str  5      XL: 6   Next: 88%
MP   6/18        EV 13     Int 22      God: Vehumet [......]
Gold 169         SH  0     Dex 15      Spells:  3 memorised,  3 levels left

rFire  . . .     SeeInvis .     a - +2,+1 mace (protect)
rCold  . . .     Clarity  .     v - +0 elf robe
rNeg   . . .     Conserve .     (no shield)
rPois  +         rCorr    .     (no helmet)
rElec  .         rRot     .     (no cloak)
SustAb . .       Spirit   .     (no gloves)
rMut   .         Warding  .     n - +1 pair of boots
Saprov . . .     Stasis   .     (no amulet)
MR     .....                    (no ring)
                                z - ring of poison resistance

@: not resistant to hostile enchantments, fairly stealthy
A: no striking features
a: Renounce Religion


You were on level 5 of the Dungeon.
You worshipped Vehumet.
Vehumet was noncommittal.
You were hungry.

You visited 2 branches of the dungeon, and saw 6 of its levels.

You collected 169 gold pieces.

Inventory:

Hand weapons
 a - a +2,+1 mace of protection (weapon)
 b - a -1 orcish blowgun
Missiles
 g - 4 darts
 q - 32 poisoned needles
 B - 11 darts of flame (quivered)
Armour
 n - a +1 pair of boots (worn)
 u - a +0 dwarven shield
 v - a +0 elven robe (worn)
Magical devices
 s - a wand of disintegration (11)
 D - a wand of frost (3) {unknown}
Comestibles
 p - 2 bread rations
 x - a beef jerky
 C - a pear
 E - a choko
 H - a meat ration
 I - a chunk of bat flesh
 J - a rotting chunk of rat flesh
Scrolls
 d - a scroll of immolation {unknown}
 e - a scroll of enchant armour {unknown}
 h - 3 scrolls of identify
 j - a scroll of noise {unknown}
 k - 3 scrolls of teleportation
 r - a scroll of random uselessness {unknown}
 t - a scroll of fog {unknown}
 y - a scroll of recharging {unknown}
 F - 2 scrolls of remove curse {unknown}
 G - a scroll of enchant weapon II {unknown}
Jewellery
 z - a ring of poison resistance (left hand)
Potions
 f - a potion of might {unknown}
 i - 3 potions of curing {unknown}
 l - a potion of lignification {unknown}
 m - 2 potions of restore abilities {unknown}
 o - a potion of brilliance {unknown}
 w - a potion of agility {unknown}
 A - a potion of poison {unknown}
Books
 c - a book of Conjurations

   Spells                             Type                      Level
   *Magic Dart                        Conjuration                  1
   Searing Ray                        Conjuration                  2
   *Dazzling Spray                    Conjuration/Hexes            3
   *Iskenderun's Mystic Blast         Conjuration                  4
   Iskenderun's Battlesphere          Conjuration/Charms           4
   Fulminant Prism                    Conjuration/Hexes            5


   Skills:
 - Level 2.4 Dodging
 - Level 2.4 Stealth
 - Level 3.0 Spellcasting
 * Level 9.1 Conjurations


You had 3 spell levels left.
You knew the following spells:

 Your Spells              Type           Power        Failure   Level  Hunger
a - Magic Dart            Conj           ####         1%          1    None
b - Dazzling Spray        Conj/Hex       ###.....     8%          3    ###....
c - Iskenderun's Mystic   Conj           #####...     3%          4    ####...


Dungeon Overview and Level Annotations

Branches:
Dungeon (5/16)             Temple (1/1) D:4

Altars:
Ashenzari
Cheibriados
Elyvilon
Fedhas
Kikubaaqudgha
Makhleb
Nemelex Xobeh
Okawaru
Sif Muna
Vehumet
Xom
Yredelemnul
Zin
the Shining One

Annotations:
D:3 Grinder


Message History

Press: ? - help, Shift-Dir - straight line, f/p - gnoll
Aim: a gnoll, wielding a club (heavily wounded)
The magic dart hits the gnoll.
The gnoll is severely wounded.
You closely miss the gnoll.
The gnoll is severely wounded.
The gnoll hits you with a club.
You hit the gnoll.
You kill the gnoll!
Vehumet accepts your kill.
The gnoll shaman calls upon its god to speed up the gnoll.
The gnoll seems to speed up.
The gnoll hits you from afar with a halberd.
The gnoll hits you from afar with a halberd!
The gnoll hits you but does no damage.
The gnoll hits you from afar with a halberd!
* * * LOW HITPOINT WARNING * * *
There is a stone staircase leading up here.
The gnoll hits you from afar with a halberd!
You die...

#.#...#.#...##
#.#...#......#
#.#...#.....##
#.#g........#
#.#...##.##.##
#.#..........#
#g.....#####
#..##### #@.#
#..# #..# #..#
#..# #..# #..#
#..# #..#


You could see a gnoll shaman and a gnoll.

Vanquished Creatures
  An ogre (D:4)
  A phantom (D:4)
  The ghost of ghwc the Slasher, a weakling DjFi (D:3)
  2 orc priests
  2 orc wizards
  An iguana (D:3)
  2 gnolls (D:5)
  2 adders (D:3)
  A giant eyeball (D:4)
  4 giant geckos
  4 oozes
  16 orcs
  2 bat skeletons (D:4)
  3 giant cockroaches
  7 goblins
  3 hobgoblins
  3 jackals (D:4)
  8 kobolds
  2 quokkas
  A ball python (D:4)
  7 bats
  A giant gecko skeleton (D:4)
  5 giant newts
  2 orc skeletons (D:4)
  6 rats
  A rat skeleton (D:4)
88 creatures vanquished.

Notes
Turn   | Place    | Note
--------------------------------------------------------------
     0 | D:1      | Jenx, the Deep Elf Conjurer, began the quest for the Orb.
     0 | D:1      | Reached XP level 1. HP: 10/10 MP: 5/5
   506 | D:1      | Reached XP level 2. HP: 15/15 MP: 4/8
   601 | D:1      | Reached skill level 5 in Conjurations
   977 | D:2      | Found an ancient bone altar of Kikubaaqudgha.
  1192 | D:2      | Reached XP level 3. HP: 19/19 MP: 7/10
  1207 | D:2      | Learned a level 3 spell: Dazzling Spray
  1354 | D:2      | Found a sparkling altar of Nemelex Xobeh.
  1865 | D:3      | Reached skill level 6 in Conjurations
  1866 | D:3      | Reached XP level 4. HP: 24/24 MP: 2/13
  2117 | D:3      | Noticed Grinder
  2346 | D:3      | Noticed an agate snail
  2347 | D:3      | Found a snail-covered altar of Cheibriados.
  2347 | D:3      | Noticed an agate snail
  2347 | D:3      | Noticed an agate snail
  2394 | D:3      | Noticed ghwc's ghost (weakling DjFi)
  2586 | D:2      | Learned a level 4 spell: Iskenderun's Mystic Blast
  2684 | D:3      | Killed ghwc's ghost
  2684 | D:3      | Reached skill level 7 in Conjurations
  2684 | D:3      | Reached XP level 5. HP: 26/28 MP: 0/16
  2971 | D:4      | Found a glowing silver altar of Zin.
  3484 | D:4      | Noticed a phantom
  3590 | D:4      | Killed a phantom
  3590 | D:4      | Reached skill level 8 in Conjurations
  3590 | D:4      | Reached XP level 6. HP: 30/32 MP: 6/18
  3964 | D:4      | Found a sparkling altar of Nemelex Xobeh.
  3981 | D:4      | Found a staircase to the Ecumenical Temple.
  3996 | Temple   | Entered the Ecumenical Temple
  4184 | Temple   | Became a worshipper of Vehumet
  4284 | D:4      | Noticed an ogre
  4306 | D:4      | Killed an ogre
  4306 | D:4      | Reached skill level 9 in Conjurations
  4937 | D:5      | Entered Level 5 of the Dungeon
  5052 | D:5      | Slain by a gnoll

Action                   |  1- 3 |  4- 6 || total
-------------------------+-------+-------++-------
Melee: Mace              |       |    34 ||    34
 Fire: Blowgun           |     2 |       ||     2
 Cast: Magic Dart        |    56 |    87 ||   143
       Dazzling Spray    |     3 |    16 ||    19
       Iskenderun's Myst |       |    17 ||    17
Evoke: Wand              |     1 |       ||     1
  Use: Scroll            |       |     2 ||     2
